 Dungeon Sprint DCSS version bcrawl-1.20.1 (webtiles) character file.

Game seed: 15904518577145336085

10701 Freyura the Bludgeoner (level 11, -2/98 HPs)
             Began as a Demonspawn Berserker on Jan 26, 2020.
             Was the Champion of Trog.
             Slain by an orc knight
             ... wielding a +0 long sword
              (12 damage)
             ... in the Dungeon (Sprint IX: "|||||||||||||||||||||||||||||").
             The game lasted 00:14:26 (2087 turns).

Freyura the Bludgeoner (Demonspawn Berserker)       Turns: 2087, Time: 00:14:26

Health: -2/98      AC:  8    Str: 18    XL:     11   Next: 39%
Magic:  11/11      EV: 23    Int:  8    God:    Trog [******]
Gold:   1250       SH:  0    Dex: 16    Spells: 10/10 levels left

rFire    . . .     SeeInvis .   v - +5 great mace (crush)
rCold    . . .     Gourm    +   (shield currently unavailable)
rNeg     . . .     Faith    .   o - +2 ring mail
rPois    .         Spirit   .   x - +0 helmet
rElec    .         Reflect  .   w - +0 cloak
rCorr    .         Harm     .   a - +0 pair of gloves
MR       .....     NoTele   +   (no boots)
Stlth    +.........             r - amulet of the gourmand
HPRegen  0.26/turn              k - +2 ring of evasion
MPRegen  0.12/turn              p - +2 ring of evasion

@: corroded, berserk cooldown, slowed, very slow
A: molten scales 1, demonic guardian 1, spiny 2
a: Berserk, Trog's Hand, Brothers in Arms, Renounce Religion


You were in the Dungeon.
You worshipped Trog.
Trog was exalted by your worship.
You were very full.

You visited 1 branch You collected 1250 gold pieces.

Inventory:

Hand Weapons
 n - a +6 morningstar of crushing
 s - a +3 antimagic great mace
 u - a +4 antimagic dire flail
 v - a +5 great mace of crushing (weapon)
 y - a +5 great mace of protection
Missiles
 b - 3 throwing nets (quivered) {!f}
Armour
 a - a +0 pair of gloves (worn)
 o - a +2 ring mail (worn)
 w - a +0 cloak (worn)
 x - a +0 helmet (worn)
Jewellery
 k - a +2 ring of evasion (left hand)
 p - a +2 ring of evasion (right hand)
 r - an amulet of the gourmand (around neck)
Wands
 m - a wand of iceblast (10)
Scrolls
 i - 2 scrolls of blinking
 l - 4 scrolls of remove curse
 t - 2 scrolls of fog
Potions
 c - 4 potions of heal wounds
 d - 4 potions of curing
 f - 3 potions of haste
 g - 4 potions of magic
 h - a potion of might
 j - a potion of invisibility
 q - 2 potions of mutation
 z - a potion of brilliance {unknown}
Comestibles
 e - 11 rations {!d}
 B - 12 chunks of flesh


   Skills:
 + Level 13.0 Fighting
 * Level 16.1 Maces & Flails
 + Level 11.9 Armour
 + Level 11.9 Dodging


You had 10 spell levels left.
You didn't know any spells.
Your spell library was empty.

Dungeon Overview and Level Annotations

Branches:
Dungeon (1/1)

Altars:
Cheibriados
Dithmenos
Elyvilon
Fedhas
Gozag
Hepliaklqana
Kikubaaqudgha
Lugonu
Makhleb
Nemelex Xobeh
Okawaru
Qazlal
Ru
Sif Muna
Trog
Uskayaw
Vehumet
Wu Jian
Xom
Yredelemnul
Zin
The Shining One
Beogh
Jiyva

Shops:
D (:!


Innate Abilities, Weirdness & Mutations

You are partially covered in molten scales. (AC +2)
A weak demonic guardian rushes to your aid.
You are mostly covered in sharp spines.


Message History

The orc high priest utters an invocation to Beogh.
The orc knight hits you with a +0 long sword!
The orc high priest mumbles some strange prayers to Beogh.
The orc high priest mumbles some strange prayers to Beogh against you.
Beogh smites you!
* * * LOW HITPOINT WARNING * * *
The orc knight roars a battlecry!
The orc high priests go into a battle-frenzy!
Some of the chunks of flesh in your inventory have rotted away.
Found Emopp's Distillery.
Things that are here:
a cursed -1 hand axe; 50 gold pieces You hit the orc knight.
The orc knight is lightly wounded.
The hellwing disappears in a puff of smoke!
The orc high priest calls down the wrath of Beogh upon you.
Beogh smites you!
* * * LOW HITPOINT WARNING * * *
The orc knight hits you with a +0 long sword!
You die...

▓▓▓▓▓▓▓▓▓▓▓▓▓▓▓▓▓▓▓▓▓▓▓▓
'))).........)55@ooo§4oo
▓▓▓▓▓▓▓▓▓▓▓▓▓▓▓▓▓▓▓▓▓▓▓▓▓▓▓▓▓▓▓▓▓
..)..)...........................
▓▓▓▓▓▓▓▓▓▓▓▓▓▓▓▓▓▓▓▓▓▓▓▓▓▓▓▓▓▓▓▓▓
....'÷........'.÷.......)[)'...[.
▓▓▓▓▓▓▓▓▓▓▓▓▓▓▓▓▓▓▓▓▓▓▓▓▓▓▓▓▓▓▓▓▓
.................................
▓▓▓▓▓▓▓▓▓▓▓▓▓▓▓▓▓▓▓▓▓▓▓▓▓▓▓▓▓▓▓▓▓
______________'.?|).[.÷[)).....')


You could see an orc knight, 4 orc high priests, a rust devil, a friendly iron
imp and a friendly shadow imp.

Vanquished Creatures
  Harold (D)
  Psyche (D)
  3 orc high priests (D)
  Sonja (D)
  An orc knight (D)
  An orc sorcerer (D)
  An elephant (D)
  A black mamba (D)
  2 cane toads (D)
  2 polar bears (D)
  A troll (D)
  A hippogriff (D)
  A spriggan (shapeshifter) (D)
  4 yaks (D)
  A wyvern (D)
  4 crocodiles (D)
  2 water moccasins (D)
  9 orc warriors (D)
  6 black bears (D)
  An ogre (D)
  2 bullfrogs (D)
  A hound (D)
  6 orc priests (D)
  3 orc wizards (D)
  A worker ant (D)
  An adder (D)
  A shadow imp (D)
  An ooze (D)
  9 orcs (D)
  A bat skeleton (D)
  A hobgoblin (D)
  A bat (D)
  A frilled lizard (D)
  A jackal skeleton (D)
  2 jackal zombies (D)
  A kobold (D)
77 creatures vanquished.

Vanquished Creatures (collateral kills)
  A skeletal warrior (D)
  An orc knight (D)
  A frilled lizard (D)
3 creatures vanquished.

Grand Total: 80 creatures vanquished

Notes
Turn   | Place    | Note
-------+----------+-------------------------------------------
     0 | D        | Freyura the Demonspawn Berserker began the quest for the
                  | Orb.
     0 | D        | Reached XP level 1. HP: 18/18 MP: 1/1
     8 | D        | Reached skill level 3 in Maces & Flails
    10 | D        | Reached ** piety under Trog
    18 | D        | Gained mutation: A weak demonic guardian rushes to your
                  | aid. [demonic ancestry]
    18 | D        | Reached XP level 2. HP: 14/24 MP: 2/2
   128 | D        | Reached *** piety under Trog
   128 | D        | Reached skill level 4 in Maces & Flails
   128 | D        | Gained mutation: You are partially covered in sharp spines.
                  | [demonic ancestry]
   128 | D        | Reached XP level 3. HP: 30/30 MP: 3/3
   230 | D        | Found a roughly hewn altar of Beogh.
   230 | D        | Found a snail-covered altar of Cheibriados.
   230 | D        | Found a shadowy altar of Dithmenos.
   230 | D        | Found a white marble altar of Elyvilon.
   230 | D        | Found a blossoming altar of Fedhas.
   230 | D        | Found an opulent altar of Gozag.
   231 | D        | Found a hazy altar of Hepliaklqana.
   232 | D        | Found a viscous altar of Jiyva.
   233 | D        | Found an ancient bone altar of Kikubaaqudgha.
   234 | D        | Found a corrupted altar of Lugonu.
   235 | D        | Found a burning altar of Makhleb.
   236 | D        | Found a sparkling altar of Nemelex Xobeh.
   237 | D        | Found an iron altar of Okawaru.
   238 | D        | Found a stormy altar of Qazlal.
   239 | D        | Found a sacrificial altar of Ru.
   240 | D        | Found a shimmering blue altar of Sif Muna.
   241 | D        | Found a bloodstained altar of Trog.
   242 | D        | Found a hide-covered altar of Uskayaw.
   243 | D        | Found a radiant altar of Vehumet.
   244 | D        | Found an ornate altar of the Wu Jian Council.
   245 | D        | Found a shimmering altar of Xom.
   246 | D        | Found a basalt altar of Yredelemnul.
   247 | D        | Found a glowing silver altar of Zin.
   248 | D        | Found a glowing golden altar of the Shining One.
   298 | D        | Noticed an ogre
   298 | D        | Noticed a skeletal warrior
   302 | D        | Killed an ogre
   302 | D        | Reached **** piety under Trog
   302 | D        | Reached skill level 5 in Fighting
   302 | D        | Reached skill level 6 in Maces & Flails
   302 | D        | Reached XP level 4. HP: 39/39 MP: 4/4
   318 | D        | Killed a skeletal warrior
   318 | D        | Reached skill level 9 in Maces & Flails
   318 | D        | Reached XP level 5. HP: 21/49 MP: 5/5
   318 | D        | Reached XP level 6. HP: 24/56 MP: 6/6
   318 | D        | Reached XP level 7. HP: 26/61 MP: 7/7
   333 | D        | Reached ***** piety under Trog
   521 | D        | Noticed a spriggan
   521 | D        | Noticed a troll
   526 | D        | Killed a spriggan
   526 | D        | Reached skill level 10 in Maces & Flails
   540 | D        | Killed a troll
   540 | D        | Gained mutation: You are partially covered in molten
                  | scales. (AC +2) [demonic ancestry]
   540 | D        | Reached XP level 8. HP: 66/69 MP: 8/8
   733 | D        | Noticed a cane toad
   740 | D        | Received a gift from Trog
   740 | D        | Reached skill level 11 in Maces & Flails
   751 | D        | Killed a cane toad
   754 | D        | Reached XP level 9. HP: 78/78 MP: 9/9
   760 | D        | Reached skill level 12 in Maces & Flails
   779 | D        | Noticed an elephant
   779 | D        | Noticed a black mamba
   782 | D        | Reached ****** piety under Trog
   782 | D        | Reached skill level 10 in Fighting
   784 | D        | Noticed a cane toad
   786 | D        | Received a gift from Trog
   794 | D        | Killed an elephant
   803 | D        | Reached skill level 13 in Maces & Flails
   811 | D        | Killed a black mamba
   820 | D        | Killed a cane toad
   820 | D        | Reached XP level 10. HP: 27/86 MP: 3/10
   823 | D        | Received a gift from Trog
   823 | D        | Reached skill level 10 in Armour
   823 | D        | Reached skill level 10 in Dodging
  1203 | D        | Reached skill level 14 in Maces & Flails
  1303 | D        | Noticed Sonja
  1307 | D        | Noticed Psyche
  1319 | D        | Killed Psyche
  1319 | D        | Received a gift from Trog
  1323 | D        | Killed Sonja
  1463 | D        | Noticed Harold
  1474 | D        | Killed Harold
  1810 | D        | Noticed an orc sorcerer
  1813 | D        | Killed an orc sorcerer
  1813 | D        | Reached skill level 15 in Maces & Flails
  1815 | D        | Received a gift from Trog
  1831 | D        | Received a gift from Trog
  1897 | D        | Gained mutation: You are mostly covered in sharp spines.
                  | [demonic ancestry]
  1897 | D        | Reached XP level 11. HP: 95/95 MP: 11/11
  1898 | D        | Received a gift from Trog
  1901 | D        | Noticed an orc knight
  1915 | D        | Killed an orc knight
  1936 | D        | Received a gift from Trog
  2061 | D        | Found Lefeym's Weapon Emporium.
  2061 | D        | Noticed an orc knight
  2061 | D        | Noticed an orc high priest
  2061 | D        | Noticed an orc high priest
  2061 | D        | Noticed an orc high priest
  2061 | D        | Noticed an orc knight
  2062 | D        | Noticed an orc high priest
  2067 | D        | Noticed a sun demon
  2069 | D        | Killed an orc knight
  2070 | D        | Noticed an orc high priest
  2076 | D        | Killed an orc high priest
  2077 | D        | Found Haeryd Zuatt's Book Shoppe.
  2078 | D        | Killed an orc high priest
  2080 | D        | Noticed an orc high priest
  2085 | D        | Killed an orc high priest
  2085 | D        | Reached skill level 16 in Maces & Flails
  2086 | D        | Found Emopp's Distillery.
  2086 | D        | Noticed an orc high priest
  2087 | D        | Slain by an orc knight

Skill      XL: |  1  2  3  4  5  6  7  8  9 10 11 |
---------------+----------------------------------+-----
Maces & Flails | 3 4 6 9 10 11 13 15 16 | 16.1
Armour         | 2 3 4 6 7 8 9 11 | 11.9
Dodging        | 2 3 4 6 7 8 9 11 | 11.9
Fighting       | 4 5 7 8 9 10 12 13 | 13.0

Action                   |  1- 3 |  4- 6 |  7- 9 | 10-12 || total
-------------------------+-------+-------+-------+-------++-------
Melee: Mace              |    22 |       |       |       ||    22
       Morningstar       |     2 |    13 |    47 |       ||    62
       Great mace        |       |       |    39 |   120 ||   159
Invok: Berserk           |     2 |       |     2 |     4 ||     8
       Trog's Hand       |       |       |       |     2 ||     2
       Brothers in Arms  |       |       |       |     1 ||     1
  Use: Scroll            |       |       |     4 |       ||     4
       Potion            |       |       |       |     4 ||     4
  Eat: Chunk             |       |       |     3 |    29 ||    32
Armor: Animal skin       |     3 |       |       |       ||     3
       Ring mail         |       |     2 |    12 |    31 ||    45
Dodge: Dodged            |    16 |     3 |    76 |   102 ||   197
